 Dungeon Crawl Stone Soup version 0.21-a0-331-gfb491b4 (webtiles) character file.

123 vishdafish the Poker (level 4, -8/34 HPs)
             Began as a Demonspawn Skald on Oct 2, 2017.
             Mangled by an iguana (10 damage)
             ... on level 4 of the Dungeon.
             The game lasted 00:04:14 (2382 turns).

vishdafish the Poker (Demonspawn Skald)             Turns: 2382, Time: 00:04:15

Health: -8/34      AC:  6    Str: 11    XL:     4   Next: 80%
Magic:  7/7        EV: 12    Int: 15    God:
Gold:   145        SH:  0    Dex: 15    Spells: 6/7 levels left

rFire    . . .     SeeInvis .   a - +0 spear
rCold    . . .     Gourm    .   (no shield)
rNeg     . . .     Faith    .   b - +0 leather armour
rPois    .         Spirit   .   (helmet restricted)
rElec    .         Reflect  .   (no cloak)
rCorr    .         Harm     .   (no gloves)
MR       .....                  (no boots)
Stlth    +.........             (no amulet)
HPRegen  0.11/turn              w - +2 ring of dexterity
MPRegen  0.10/turn              (no ring)

@: very slightly contaminated, invisible
A: antennae 1, molten scales 2
a: no special abilities


You were on level 4 of the Dungeon.
You were very hungry.

You visited 1 branch of the dungeon, and saw 4 of its levels.

You collected 145 gold pieces.

Inventory:

Hand Weapons
 a - a +0 spear (weapon)
Armour
 b - a +0 leather armour (worn)
 i - a +0 helmet
Jewellery
 w - a +2 ring of dexterity (left hand)
Scrolls
 e - 3 scrolls of identify {unknown}
 h - 2 scrolls of remove curse {unknown}
 k - 4 scrolls of teleportation {unknown}
 q - a scroll of enchant armour {unknown}
 r - a scroll of recharging {unknown}
 s - a scroll of amnesia {unknown}
 t - a scroll of blinking {unknown}
Potions
 u - a potion of brilliance {unknown}
 v - a potion of mutation {unknown}
 x - a potion of degeneration {unknown}
Books
 c - a book of Battle

   Spells                             Type                      Level
   a - Infusion                       Charms                       1
   b - Shroud of Golubria             Charms/Translocation         2
   c - Song of Slaying                Charms                       2
   d - Spectral Weapon                Hexes/Charms                 3
   e - Regeneration                   Charms/Necromancy            3
Comestibles
 d - 3 bread rations
 l - 2 royal jellies
 p - 2 meat rations


   Skills:
 + Level 2.9 Fighting
 * Level 3.6 Polearms
 - Level 1.0 Armour
 - Level 2.0 Dodging
 - Level 2.0 Spellcasting
 - Level 3.2 Charms


You had 6 spell levels left.
You knew the following spells:

 Your Spells              Type           Power        Failure   Level  Hunger
a - Infusion              Chrm           ##..         8%          1    #......


Dungeon Overview and Level Annotations

Branches:
Dungeon (4/15)
 Temple: D:4-7

Altars:


Innate Abilities, Weirdness & Mutations

You have a pair of small antennae on your head.
You are mostly covered in molten scales. (AC +3)


Message History

You feel better. The iguana barely misses you.
You hit the iguana.
The iguana is moderately wounded.
The iguana bites you!
* * * LOW HITPOINT WARNING * * *
You barely miss the iguana.
The iguana is moderately wounded.
The iguana closely misses you.
You strike the helpless iguana from behind!
You hit the iguana but do no damage.
The iguana is moderately wounded.
The iguana closely misses you.
You closely miss the iguana.
The iguana is moderately wounded.
The iguana barely misses you.
You strike the helpless iguana from behind!
You hit the iguana but do no damage.
The iguana is moderately wounded.
The iguana bites you!
You die...

..# #.... #.#
###.... #.#
#...... #.#
#.##### #.#
#.# #.# #.#
#.# #.# #.#
#.# #@# #.#
#l##########.#
#.......<....#
##############


You could see an iguana.

Vanquished Creatures
  A hound (D:3)
  A worker ant (D:4)
  An adder (D:2)
  2 dart slugs (D:1)
  2 leopard geckos
  An orc (D:3)
  A ball python (D:3)
  3 giant cockroaches
  6 goblins
  5 hobgoblins
  4 jackals (D:1)
  6 bats
  4 frilled lizards
  10 kobolds
  6 rats
53 creatures vanquished.

Notes
Turn   | Place    | Note
-------+----------+-------------------------------------------
     0 | D:1      | vishdafish the Demonspawn Skald began the quest for the Orb.
     0 | D:1      | Reached XP level 1. HP: 16/16 MP: 3/3
    91 | D:1      | Gained mutation: You are partially covered in molten scales. (AC +2) [demonic ancestry]
    91 | D:1      | Reached XP level 2. HP: 13/22 MP: 0/5
   218 | D:1      | Reached skill level 1 in Armour
   709 | D:1      | Gained mutation: You have a pair of small antennae on your head. [demonic ancestry]
   709 | D:1      | Reached XP level 3. HP: 26/27 MP: 2/6
  1519 | D:3      | Gained mutation: You are mostly covered in molten scales. (AC +3) [demonic ancestry]
  1519 | D:3      | Reached XP level 4. HP: 15/34 MP: 7/7
  2376 | D:4      | HP: 1/34 [iguana (9)]
  2382 | D:4      | Mangled by an iguana

Vault maps used:
D:1:      lightli_arrival_statuegarden
D:3:      first_bread, minivault_24
D:4:      minmay_temple_entry_poolview, uniq_edmund, uniq_menkaure

Skill      XL: |  1  2  3 |
---------------+----------+-----
Polearms       | 2 3 |  3.6
Charms         | 3 |  3.2
Armour         | 1 |  1.0
Dodging        | 2 |  2.0
Fighting       | |  2.9
Spellcasting   | |  2.0

Action                   |  1- 3 |  4- 6 || total
-------------------------+-------+-------++-------
Melee: Spear             |   173 |    66 ||   239
 Cast: Infusion          |     8 |     3 ||    11
  Use: Potion            |       |     7 ||     7
 Stab: Sleeping          |     1 |       ||     1
       Invisible         |       |     2 ||     2
  Eat: Chunk             |     2 |     2 ||     4
Armor: Leather armour    |    49 |    16 ||    65
       Skin              |       |     1 ||     1
Dodge: Dodged            |    86 |    34 ||   120

Table legend:
 A = Spawn XP
 B = Non-spawn XP
 C = Spawn XP percentage of total XP
 D = Spawn monster count
 E = Non-spawn monster count
 F = Spawn count percentage of total count
 G = Total turns spent on level
                    A         B        C        D         E        F      G
               +---------+---------+-------+---------+---------+-------+---------
         Total |       0 |     177 |   0.0 |       0 |      53 |   0.0 |  2382
               +---------+---------+-------+---------+---------+-------+---------
           D:1 |       0 |      48 |   0.0 |       0 |      26 |   0.0 |   820
           D:2 |       0 |      32 |   0.0 |       0 |      13 |   0.0 |   646
           D:3 |       0 |      65 |   0.0 |       0 |      13 |   0.0 |   646
           D:4 |       0 |      32 |   0.0 |       0 |       1 |   0.0 |   270
               +---------+---------+-------+---------+---------+-------+---------
